 Dungeon Crawl Stone Soup version 0.25-a0-399-gcf1075a (webtiles) character file.

Game seed: 8449500992164678674, levelgen mode: deterministic

3187 2tousent the Severer (level 9, 0/73 HPs)
             Began as a Hill Orc Monk on Jan 8, 2020.
             Was a Believer of Qazlal.
             Slain by an orc warrior
             ... wielding a +2 flail of crushing
              (17 damage)
             ... on level 7 of the Dungeon.
             The game lasted 00:20:28 (7768 turns).

2tousent the Severer (Hill Orc Monk)                Turns: 7768, Time: 00:20:29

Health: 0/73       AC: 16    Str: 16    XL:     9   Next: 95%
Magic:  12/12      EV:  5    Int: 10    God:    Qazlal [**....]
Gold:   368        SH:  3    Dex: 18    Spells: 8/8 levels left

rFire    . . .     SeeInvis .   a - +1 hand axe
rCold    . . .     Gourm    .   (no shield)
rNeg     . . .     Faith    .   t - +0 plate armour
rPois    .         Spirit   .   s - +0 helmet
rElec    .         Reflect  .   (no cloak)
rCorr    .         Harm     .   (no gloves)
MR       .....                  (no boots)
Stlth    ..........             (no amulet)
HPRegen  0.22/turn              f - +5 ring of protection
MPRegen  0.13/turn              l - +4 ring of dexterity

@: lightly drained
A: no striking features
a: Upheaval, Renounce Religion


You were on level 7 of the Dungeon.
You worshipped Qazlal.
Qazlal was pleased with you.
You were not hungry.

You visited 2 branches of the dungeon, and saw 9 of its levels.
You also visited: Sewer and Ossuary.

You collected 368 gold pieces.

Inventory:

Hand Weapons
 a - a +1 hand axe (weapon)
 C - a +0 war axe of chaos
 E - the +5 flail "Ixzaahupt" {crush, Dex+2, unknown}
   (You found it on level 5 of the Dungeon)

   It inflicts extra damage upon your enemies.
   It affects your dexterity (+2).
Armour
 b - a +0 robe
 j - a +1 ring mail
 o - a +0 scale mail
 s - a +0 helmet (worn)
 t - a +0 plate armour (worn)
Jewellery
 f - a +5 ring of protection (left hand)
 l - a +4 ring of dexterity (right hand)
 m - a -3 ring of evasion
 q - an uncursed ring of fire
 D - a cursed ring of stealth {unknown}
 H - an uncursed ring of magical power
Wands
 u - a wand of flame (35)
 w - a wand of disintegration (4)
 B - a wand of polymorph (8)
 F - a wand of random effects (17)
 I - a wand of paralysis (10)
Scrolls
 d - 5 scrolls of teleportation
 h - 4 scrolls of remove curse
 n - 2 scrolls of enchant armour
 v - 2 scrolls of fear
 y - a scroll of random uselessness {unknown}
 J - a scroll of acquirement {unknown}
 K - 4 scrolls of identify
Potions
 e - 9 potions of curing
 g - 2 potions of might
 i - a potion of agility
 k - a potion of haste
 p - a potion of berserk rage
 r - a potion of cancellation
 x - 3 potions of flight
 z - a potion of lignification
 A - 2 potions of brilliance
 G - a potion of degeneration
Comestibles
 c - 14 rations


   Skills:
 - Level 4.8(4.6) Fighting
 - Level 16.0(15.7) Axes
 - Level 2.4(2.2) Dodging
 - Level 1.5(1.4) Stealth
 * Level 4.6(4.4) Invocations


You had 8 spell levels left.
You didn't know any spells.
Your spell library was empty.

Dungeon Overview and Level Annotations

Branches:
Dungeon (8/15)             Temple (1/1) D:7           Sewer (visited)
Ossuary (visited)
   Lair: D:8-11

Altars:
Elyvilon
Gozag
Hepliaklqana
Kikubaaqudgha
Makhleb
Qazlal
Ru
Sif Muna
Trog
Wu Jian
Xom
Yredelemnul
Zin
The Shining One


Message History

Something hits the withered plant but does no damage.
Something hits the withered plant.
Something hits the withered plant but does no damage.
There is a stone staircase leading up here.
The orc warrior hits you with a +2 flail of crushing.
* * * LOW HITPOINT WARNING * * *
x2 Something hits the withered plant but does no damage.
You climb upwards.
There is a stone staircase leading down here.
Okay, then.
That item cannot be evoked!
Press: ? - help, v - describe, . - travel
Here: an orc warrior, wielding a +2 flail of crushing and wearing a cursed +0 plate armour (moderately wounded)
The floor.
You hit the orc warrior but do no damage.
The orc warrior is moderately wounded.
You closely miss the orc warrior.
The orc warrior is moderately wounded.
The orc warrior hits you with a +2 flail of crushing!
You die...

###.#.......#.##+########...#....
#...........#..#.# #.......#....
#...........##)#.# #.....###....
............##.#.# #.....# #....
............##.#.# #.....# #....
.##.##########...# #.....# #....
.##.# ##..# #.....# ##### .##<#
#[.# #.....# # .#### ##@# #######
# .# #o# # .# #.# # .# #.##### #
## #.....# # # #####.# # #
#.############ # #.............
##############


You could see an orc warrior.

Vanquished Creatures
  Grinder (D:4)
  A hippogriff (D:5)
  Eustachio (D:5)
  A hungry ghost (D:5)
  A water moccasin (D:6)
  2 phantoms (D:6)
  A sky beast (D:7)
  2 ogres (D:7)
  A necrophage (D:7)
  2 centaurs (D:6)
  4 bullfrogs
  3 water moccasin zombies
  4 scorpions
  A wight (D:8)
  A howler monkey (D:6)
  A crimson imp (D:6)
  2 jellies
  4 orc priests
  5 orc wizards
  2 bullfrog skeletons
  Jessica (D:2)
  3 iguanas
  8 worker ants
  2 mummies (Ossuary)
  A gnoll (D:4)
  15 adders
  2 shadow imps (D:7)
  2 adder skeletons
  5 adder zombies
  8 worms
  A dart slug (D:1)
  6 leopard geckos
  20 orcs
  3 ball pythons (Sewer)
  12 giant cockroaches
  8 goblins
  9 hobgoblins
  5 kobolds
  3 quokkas
  13 bats
  10 frilled lizards
  2 gnoll zombies (Ossuary)
  3 hobgoblin zombies (Ossuary)
  4 kobold zombies (Ossuary)
  A leopard gecko skeleton (D:4)
  5 orc zombies (Ossuary)
  9 rats
201 creatures vanquished.

Notes
Turn   | Place    | Note
-------+----------+-------------------------------------------
     0 | D:1      | 2tousent the Hill Orc Monk began the quest for the Orb.
     0 | D:1      | Reached XP level 1. HP: 19/19 MP: 1/1
    81 | D:1      | Reached XP level 2. HP: 20/26 MP: 2/2
   337 | D:1      | Reached skill level 5 in Axes
   466 | D:1      | Reached XP level 3. HP: 29/31 MP: 3/3
   904 | D:2      | Reached skill level 6 in Axes
  1273 | D:2      | Reached XP level 4. HP: 24/39 MP: 4/4
  1532 | D:2      | Noticed Jessica
  1558 | D:2      | Killed Jessica
  1558 | D:2      | Reached skill level 7 in Axes
  1906 | D:2      | Reached XP level 5. HP: 45/45 MP: 5/5
  1936 | D:2      | Found a burning altar of Makhleb.
  1936 | D:2      | Noticed an Executioner
  1939 | D:2      | Noticed a ynoxinul
  1939 | D:2      | Noticed a ynoxinul
  2254 | D:3      | Found a glowing golden altar of the Shining One.
  2480 | D:3      | Reached skill level 8 in Axes
  3033 | D:3      | Reached XP level 6. HP: 51/51 MP: 6/6
  3210 | D:4      | Noticed Grinder
  3232 | D:4      | Paralysed by Grinder for 3 turns
  3254 | D:4      | Paralysed by Grinder for 6 turns
  3264 | D:4      | Killed Grinder
  3264 | D:4      | Reached skill level 10 in Axes
  3264 | D:4      | Reached XP level 7. HP: 57/57 MP: 7/7
  3558 | D:4      | Found a sacrificial altar of Ru.
  3748 | D:4      | Reached skill level 11 in Axes
  3989 | D:5      | Entered Level 5 of the Dungeon
  4102 | D:5      | Noticed a hungry ghost
  4126 | D:5      | Killed a hungry ghost
  4139 | D:5      | Found a sand-covered staircase.
  4176 | Ossuary  | Entered an ossuary
  4200 | Ossuary  | Reached XP level 8. HP: 63/64 MP: 8/8
  4229 | Ossuary  | Reached skill level 12 in Axes
  4396 | D:5      | Noticed a hippogriff
  4398 | D:5      | Found an opulent altar of Gozag.
  4408 | D:5      | Killed a hippogriff
  4576 | D:5      | Got a crude flail
  4584 | D:5      | Noticed Eustachio
  4614 | D:5      | Killed Eustachio
  4614 | D:5      | Reached skill level 13 in Axes
  4956 | D:6      | Found a glowing drain.
  4962 | Sewer    | Entered a sewer
  5557 | D:6      | Reached skill level 14 in Axes
  5560 | D:6      | Reached XP level 9. HP: 30/72 MP: 9/9
  6210 | D:7      | Reached skill level 15 in Axes
  6333 | D:7      | Found a staircase to the Ecumenical Temple.
  6366 | Temple   | Entered the Ecumenical Temple
  6395 | Temple   | Became a worshipper of Qazlal Stormbringer
  6395 | Temple   | Reached * piety under Qazlal
  6395 | Temple   | Reached ** piety under Qazlal
  6579 | D:7      | Reached skill level 1 in Invocations
  7494 | D:6      | Reached skill level 16 in Axes
  7768 | D:7      | Slain by an orc warrior

Levels and vault maps discovered:
D:1:      sevenhm_arrival_forest_fort_large_4, layout_rooms
D:2:      layout_loops_ring, makhleb_altar_promises_db, uniq_jessica
D:3:      layout_loops_corners, first_ration, tso_metal_star
D:4:      layout_basic, serial_bayou, serial_bayou_pond_d,
          serial_bayou_crossing, serial_bayou_pond_b, serial_bayou_pond_e,
          nicolae_ru_great_annihilating_truth, uniq_grinder
D:5:      layout_cave_pools, enter_ossuary_5, nicolae_gozag_seed_capital,
          uniq_eustachio
D:6:      layout_rooms, cheibrodos_sewer_entry_bend, minmay_chambers_of_fives
D:7:      layout_basic, minmay_temple_entry_ruins, enter_bailey_6
D:8:      layout_basic, serial_undead, serial_undead_b, serial_undead_e,
          serial_undead_e, serial_undead_e, serial_undead_b, serial_undead_e,
          serial_undead_b, serial_undead_f
Temple:   compressed_dpeg_triangle_lava_temple

Skill      XL: |  1  2  3  4  5  6  7  8  9 |
---------------+----------------------------+-----
Axes           | 5 6 7 8 10 11 14 16 | 16.0
Fighting       | 4 |  4.8
Invocations    | 4 |  4.6
Dodging        | |  2.4
Stealth        | |  1.5

Action                   |  1- 3 |  4- 6 |  7- 9 || total
-------------------------+-------+-------+-------++-------
Melee: Hand axe          |   110 |   238 |   654 ||  1002
  Use: Scroll            |       |    10 |    12 ||    22
       Potion            |       |     2 |       ||     2
 Stab: Sleeping          |     4 |       |       ||     4
       Distracted        |     1 |       |       ||     1
       Paralysed         |       |       |     1 ||     1
  Eat: Chunk             |       |     6 |    16 ||    22
       Ration            |       |       |     2 ||     2
Armor: Robe              |    24 |       |       ||    24
       Ring mail         |     4 |    71 |       ||    75
       Scale mail        |       |    15 |       ||    15
       Skin              |       |    25 |       ||    25
       Plate armour      |       |       |   341 ||   341
Dodge: Dodged            |    80 |   110 |   116 ||   306
Block: Other             |       |       |     6 ||     6

Table legend:
 A = Non-vault XP
 B = Vault XP
 C = Vault XP percentage of total XP
 D = Non-vault monster count
 E = Vault monster count
 F = Vault count percentage of total count
                 A         B        C        D         E       F
            +---------+---------+-------+---------+---------+-------
      Total |    3127 |    1426 |  31.3 |     144 |      57 |  28.4
            +---------+---------+-------+---------+---------+-------
        D:1 |      41 |       0 |   0.0 |      24 |       0 |   0.0
        D:2 |      91 |      37 |  28.9 |      20 |       1 |   4.8
        D:3 |     158 |       0 |   0.0 |      30 |       0 |   0.0
        D:4 |     210 |     381 |  64.5 |      14 |       8 |  36.4
        D:5 |     495 |     208 |  29.6 |       5 |       1 |  16.7
        D:6 |     906 |     381 |  29.6 |      14 |       6 |  30.0
        D:7 |    1207 |       0 |   0.0 |      34 |       0 |   0.0
        D:8 |      19 |      57 |  75.0 |       3 |       1 |  25.0
      Sewer |       0 |     131 | 100.0 |       0 |      18 | 100.0
    Ossuary |       0 |     231 | 100.0 |       0 |      22 | 100.0
            +---------+---------+-------+---------+---------+-------
